PCL
SALT LAKE CITY BEES @ HAWAII ISLANDERS
05/26/1982
 
TOP OF THE 1ST
Salt Lake City Bees batting - Pitching for Hawaii Islanders : RHP Herberto Folgueira
Pitching: RHP Herberto Folgueira
Batting: LHB Mike Cole 0-0: Ball
1-0: Ball
2-0: Foul Ball, location: 2F
2-1: Ball
3-1: Foul Ball, location: 2F
3-2: Ground out 6-3 (Groundball, 56, EV 83.1 MPH)
Batting: LHB Eric Attaway 0-0: Swinging Strike
0-1: Swinging Strike
0-2: Ball
1-2: Ball
2-2: Foul Ball, location: 2F
2-2: SINGLE (Flyball, 8LS, EV 96.3 MPH) - OUT at second base trying to stretch hit.
Batting: RHB Dick C Schofield 0-0: Ball
1-0: Foul Ball, location: 2F
1-1: Ball
2-1: Called Strike
2-2: Foul Ball, location: 2F
2-2: DOUBLE (Groundball, 5L, EV 106.9 MPH)
Batting: RHB William Cole 0-0: Called Strike
0-1: Ball
1-1: Swinging Strike
1-2: Ball
2-2: Ball
3-2: Base on Balls
Batting: RHB Jamie Nelson 0-0: Ground out 5-3 (Groundball, 15, EV 88.1 MPH)
Top of the 1st over - 0 runs, 2 hits, 0 errors, 2 left on base; Salt Lake City 0 - Hawaii 0
BOTTOM OF THE 1ST
Hawaii Islanders batting - Pitching for Salt Lake City Bees : RHP Ed Nunez
Pitching: RHP Ed Nunez
Batting: RHB Joe Strain 0-0: Called Strike
0-1: Called Strike
0-2: Foul Ball, location: 2F
0-2: Fly out, F4 (Flyball, 4D, EV 86.9 MPH)
Batting: SHB Wayne Stone 0-0: Called Strike
0-1: Swinging Strike
0-2: Ground out 4-3 (Groundball, 4, EV 104.4 MPH)
Batting: SHB Jon Hernandez 0-0: Ball
1-0: Called Strike
1-1: Ball
2-1: SOLO HOME RUN (Line Drive, 9D, EV 109.4 MPH), Distance : 355 ft
Batting: SHB Charles Valley 0-0: Ball
1-0: Ball
2-0: Fly out, F8 (Line Drive, 8RD, EV 92.5 MPH)
Bottom of the 1st over - 1 run, 1 hit, 0 errors, 0 left on base; Salt Lake City 0 - Hawaii 1
TOP OF THE 2ND
Salt Lake City Bees batting - Pitching for Hawaii Islanders : RHP Herberto Folgueira
Batting: RHB Darnell Coles 0-0: Called Strike
0-1: Ball
1-1: Foul Ball, location: 2F
1-2: Ball
2-2: Strikes out swinging
Batting: LHB Robert Schuster 0-0: Foul Ball, location: 2F
0-1: Fly out, F9 (Line Drive, 9, EV 104.4 MPH)
Batting: RHB Darrell Miller 0-0: DOUBLE (Line Drive, 3D, EV 110.6 MPH)
Batting: RHB Reid Nichols 0-0: Called Strike
0-1: Called Strike
0-2: Ball
1-2: Strikes out swinging
Top of the 2nd over - 0 runs, 1 hit, 0 errors, 1 left on base; Salt Lake City 0 - Hawaii 1
BOTTOM OF THE 2ND
Hawaii Islanders batting - Pitching for Salt Lake City Bees : RHP Ed Nunez
Batting: RHB Rob Teegarden 0-0: Ball
1-0: Ball
2-0: Called Strike
2-1: Fly out, F9 (Flyball, 89M, EV 89.4 MPH)
Batting: LHB Paul Tomini 0-0: Called Strike
0-1: Ball
1-1: Ground out 5-3 (Groundball, 56, EV 109.4 MPH)
Batting: LHB Creighton Tevlin 0-0: Called Strike
0-1: Fly out, F7 (Flyball, 7D, EV 86.3 MPH)
Bottom of the 2nd over - 0 runs, 0 hits, 0 errors, 0 left on base; Salt Lake City 0 - Hawaii 1
TOP OF THE 3RD
Salt Lake City Bees batting - Pitching for Hawaii Islanders : RHP Herberto Folgueira
Batting: LHB Mike Cole 0-0: Ball
1-0: Foul Ball, location: 2F
1-1: Foul Ball, location: 2F
1-2: Ball
2-2: SINGLE (Flyball, 89S, EV 90.0 MPH)
Batting: LHB Eric Attaway 0-0: Called Strike
0-1: Swinging Strike
0-2: Ball
1-2: Ball
2-2: Foul Ball, location: 2F
2-2: Ball
3-2: Base on Balls
Mike Cole to second
Batting: RHB Dick C Schofield 0-0: Ball
1-0: Foul Ball, location: 2F
1-1: Swinging Strike
1-2: SINGLE (Groundball, 56D, EV 95.0 MPH)
Mike Cole to third
Eric Attaway to second
Runner from 3rd tries for Home, SAFE, throw by LF to home
Batting: RHB William Cole 0-0: Called Strike
0-1: DOUBLE (Flyball, 89XD, EV 100.0 MPH)
Eric Attaway scores
Dick C Schofield to third
Batting: RHB Jamie Nelson 0-0: Ball
1-0: Ball
2-0: Called Strike
2-1: Ball
3-1: Base on Balls
Batting: RHB Darnell Coles 0-0: Ball
1-0: Called Strike
1-1: Ball
2-1: Foul Ball, location: 2F
2-2: Foul Ball, location: 2F
2-2: Strikes out swinging
Batting: LHB Robert Schuster 0-0: Called Strike
0-1: Swinging Strike
0-2: Hit by Pitch
Dick C Schofield scores
William Cole to third
Jamie Nelson to second
Batting: RHB Darrell Miller 0-0: Ball
1-0: Swinging Strike
1-1: Swinging Strike
1-2: Strikes out swinging
Batting: RHB Reid Nichols 0-0: Ball
1-0: Foul Ball, location: 2F
1-1: Ball
2-1: Foul Ball, location: 2F
2-2: Strikes out swinging
Top of the 3rd over - 3 runs, 3 hits, 0 errors, 3 left on base; Salt Lake City 3 - Hawaii 1
BOTTOM OF THE 3RD
Hawaii Islanders batting - Pitching for Salt Lake City Bees : RHP Ed Nunez
Batting: LHB Jerry Willard 0-0: Ball
1-0: Ground out 5-3 (Groundball, 56, EV 79.4 MPH)
Batting: RHB Peter Peltz 0-0: Swinging Strike
0-1: Ball
1-1: Foul Ball, location: 2F
1-2: Fly out, F8 (Flyball, 89M, EV 85.6 MPH)
Batting: RHB Joe Strain 0-0: Foul Ball, location: 2F
0-1: Fly out, F7 (Flyball, 7, EV 76.9 MPH)
Bottom of the 3rd over - 0 runs, 0 hits, 0 errors, 0 left on base; Salt Lake City 3 - Hawaii 1
TOP OF THE 4TH
Salt Lake City Bees batting - Pitching for Hawaii Islanders : RHP Herberto Folgueira
Batting: LHB Mike Cole 0-0: Ball
1-0: Foul Ball, location: 2F
1-1: Ground out 5-3 (Groundball, 56S, EV 68.1 MPH)
Batting: LHB Eric Attaway 0-0: Foul Ball, location: 2F
0-1: Ball
1-1: Foul Ball, location: 2F
1-2: Strikes out swinging
Batting: RHB Dick C Schofield 0-0: Ball
1-0: Ball
2-0: Called Strike
2-1: Foul Ball, location: 2F
2-2: Ball
3-2: Strikes out swinging
Top of the 4th over - 0 runs, 0 hits, 0 errors, 0 left on base; Salt Lake City 3 - Hawaii 1
BOTTOM OF THE 4TH
Hawaii Islanders batting - Pitching for Salt Lake City Bees : RHP Ed Nunez
Batting: SHB Wayne Stone 0-0: Ball
1-0: Called Strike
1-1: Bunt - Flyout to 13S! F1
Batting: SHB Jon Hernandez 0-0: Ball
1-0: Called Strike
1-1: Fly out, F8 (Flyball, 8LD, EV 90.6 MPH)
Batting: SHB Charles Valley 0-0: SOLO HOME RUN (Flyball, 9D, EV 106.9 MPH), Distance : 369 ft
Batting: RHB Rob Teegarden 0-0: SINGLE (Groundball, 6MD, EV 104.4 MPH)
Batting: LHB Paul Tomini 0-0: Called Strike
0-1: Ball
1-1: Ball
2-1: Foul Ball, location: 2F
2-2: Foul Ball, location: 2F
2-2: Foul Ball, location: 2F
2-2: Ball
3-2: Fly out, F9 (Flyball, 9LD, EV 93.8 MPH)
Bottom of the 4th over - 1 run, 2 hits, 0 errors, 1 left on base; Salt Lake City 3 - Hawaii 2
TOP OF THE 5TH
Salt Lake City Bees batting - Pitching for Hawaii Islanders : RHP Herberto Folgueira
Batting: RHB William Cole 0-0: Ball
1-0: Ball
2-0: Ball
3-0: Base on Balls
Batting: RHB Jamie Nelson 0-0: SINGLE (Groundball, 34D, EV 99.4 MPH)
William Cole to second
Runner from 2nd tries for 3rd, SAFE, no throw by RF
Batting: RHB Darnell Coles 0-0: Ball
1-0: Fly out, F6 (Popup, 6S, EV 67.5 MPH)
Batting: LHB Robert Schuster 0-0: Ground out 5-3 (Groundball, 56S, EV 71.3 MPH)
William Cole scores
Jamie Nelson to second
Batting: RHB Darrell Miller 0-0: Ground out 6-3 (Groundball, 6S, EV 87.5 MPH)
Top of the 5th over - 1 run, 1 hit, 0 errors, 1 left on base; Salt Lake City 4 - Hawaii 2
BOTTOM OF THE 5TH
Hawaii Islanders batting - Pitching for Salt Lake City Bees : RHP Ed Nunez
Batting: LHB Creighton Tevlin 0-0: SINGLE (Line Drive, 56D, EV 99.4 MPH)
Batting: LHB Jerry Willard 0-0: Ball
1-0: Foul Ball, location: 2F
1-1: Foul Ball, location: 2F
1-2: Fly out, F6 (Popup, 6M, EV 70.0 MPH)
Batting: RHB Peter Peltz 0-0: Ball
1-0: Ball
2-0: Foul Ball, location: 2F
2-1: Called Strike
2-2: Ball
3-2: Foul Ball, location: 2F
3-2: Base on Balls
Creighton Tevlin to second
Batting: RHB Joe Strain 0-0: Ball
1-0: Called Strike
1-1: Fly out, F4 (Line Drive, 4, EV 68.8 MPH)
Batting: SHB Wayne Stone 0-0: Swinging Strike
0-1: Swinging Strike
0-2: Strikes out swinging
Bottom of the 5th over - 0 runs, 1 hit, 0 errors, 2 left on base; Salt Lake City 4 - Hawaii 2
TOP OF THE 6TH
Salt Lake City Bees batting - Pitching for Hawaii Islanders : RHP Herberto Folgueira
Batting: RHB Reid Nichols 0-0: DOUBLE (Line Drive, 9LS, EV 110.0 MPH)
Batting: LHB Mike Cole 0-0: Foul Ball, location: 2F
0-1: Ball
1-1: Ball
2-1: SINGLE (Groundball, 4MD, EV 95.6 MPH)
Reid Nichols to third
Runner from 3rd tries for Home, SAFE, throw by CF to home
Pitching: RHP Roger Weaver
Batting: LHB Eric Attaway 0-0: Sac Bunt to 13 - play at first, batter OUT! 1-3
Mike Cole to second
Batting: RHB Dick C Schofield 0-0: Ball
1-0: Foul Ball, location: 2F
1-1: Ball
2-1: Foul Ball, location: 2F
2-2: SINGLE (Line Drive, 7S, EV 108.1 MPH)
Mike Cole to third
Runner from 3rd tries for Home, throw by LF and OUT! 7-2
Dick C Schofield to second
Batting: RHB William Cole 0-0: Foul Ball, location: 2F
0-1: Ground out 5-3 (Groundball, 5S, EV 70.0 MPH)
Top of the 6th over - 1 run, 3 hits, 0 errors, 1 left on base; Salt Lake City 5 - Hawaii 2
BOTTOM OF THE 6TH
Hawaii Islanders batting - Pitching for Salt Lake City Bees : RHP Ed Nunez
Batting: SHB Jon Hernandez 0-0: Foul Ball, location: 2F
0-1: Called Strike
0-2: Ball
1-2: Ball
2-2: SINGLE (Flyball, 6MD, EV 91.9 MPH)
Batting: SHB Charles Valley 0-0: Called Strike
0-1: Ball
1-1: Ball
2-1: Ball
3-1: Foul Ball, location: 2F
3-2: 2-RUN HOME RUN (Flyball, 89XD, EV 91.9 MPH), Distance : 400 ft
Batting: RHB Rob Teegarden 0-0: Ball
1-0: Foul Ball, location: 2F
1-1: Ball
2-1: Foul Ball, location: 2F
2-2: Fly out, F4 (Flyball, 34D, EV 90.6 MPH)
Batting: LHB Paul Tomini 0-0: Called Strike
0-1: Ball
1-1: Ball
2-1: Ball
3-1: Called Strike
3-2: Base on Balls
Batting: LHB Creighton Tevlin 0-0: Ball
1-0: DOUBLE (Line Drive, 7LD, EV 95.6 MPH)
Paul Tomini to third
Runner from 3rd tries for Home, SAFE, throw by LF to trailing runner, OUT at third! 7-6-5
Batting: LHB Jerry Willard 0-0: Ball
1-0: Swinging Strike
1-1: Ball
2-1: Ground out 6-3 (Groundball, 6, EV 106.3 MPH)
Bottom of the 6th over - 3 runs, 3 hits, 0 errors, 0 left on base; Salt Lake City 5 - Hawaii 5
TOP OF THE 7TH
Salt Lake City Bees batting - Pitching for Hawaii Islanders : RHP Roger Weaver
Batting: RHB Jamie Nelson 0-0: Swinging Strike
0-1: Fly out, F9 (Flyball, 89D, EV 92.5 MPH)
Batting: RHB Darnell Coles 0-0: Ball
1-0: Ball
2-0: Called Strike
2-1: Called Strike
2-2: Ball
3-2: Strikes out swinging
Batting: LHB Robert Schuster 0-0: Ball
1-0: Called Strike
1-1: Foul Ball, location: 2F
1-2: DOUBLE (Line Drive, 78D, EV 107.5 MPH)
Batting: RHB Darrell Miller 0-0: Called Strike
0-1: Called Strike
0-2: Ground out 4-3 (Groundball, 4, EV 85.0 MPH)
Top of the 7th over - 0 runs, 1 hit, 0 errors, 1 left on base; Salt Lake City 5 - Hawaii 5
BOTTOM OF THE 7TH
Hawaii Islanders batting - Pitching for Salt Lake City Bees : RHP Ed Nunez
Batting: RHB Peter Peltz 0-0: Ground out 2-3 (Groundball, 13S, EV 73.1 MPH)
Batting: RHB Joe Strain 0-0: Foul Ball, location: 2F
0-1: Ball
1-1: Called Strike
1-2: Ground out 4-3 (Groundball, 34, EV 102.5 MPH)
Batting: SHB Wayne Stone 0-0: Ball
1-0: Foul Ball, location: 2F
1-1: Ball
2-1: Ball
3-1: SINGLE (Groundball, 56D, EV 106.3 MPH)
Batting: SHB Jon Hernandez 0-0: Called Strike
0-1: Foul Ball, location: 2F
0-2: Ball
1-2: Ball
2-2: Ball
Wayne Stone steals 2nd base
3-2: Base on Balls
Batting: SHB Charles Valley 0-0: Ball
1-0: Ball
2-0: Ball
3-0: Base on Balls
Wayne Stone to third
Jon Hernandez to second
Batting: RHB Rob Teegarden 0-0: Ball
1-0: Ground out U3 (Groundball, 34S, EV 85.0 MPH)
Bottom of the 7th over - 0 runs, 1 hit, 0 errors, 3 left on base; Salt Lake City 5 - Hawaii 5
TOP OF THE 8TH
Salt Lake City Bees batting - Pitching for Hawaii Islanders : RHP Roger Weaver
Batting: RHB Reid Nichols 0-0: Ball
1-0: Ball
2-0: Called Strike
2-1: SINGLE (Groundball, 56D, EV 108.1 MPH)
Pitching: RHP John Butcher
Batting: LHB Mike Cole 0-0: Ball
1-0: Bunt missed!
1-1: Bunt missed!
1-2: Foul Ball, location: 2F
1-2: Foul Ball, location: 2F
1-2: Ground out 4-3 (Groundball, 4S, EV 75.0 MPH)
Reid Nichols to second
Batting: LHB Eric Attaway 0-0: Intentional Walk
Batting: RHB Dick C Schofield 0-0: Ball
1-0: Ball
2-0: Fielders Choice at 2nd, 1-4 (Groundball, 15S, EV 76.9 MPH)
Reid Nichols to third
Batting: RHB William Cole 0-0: Ball
1-0: Ball
2-0: Fielders Choice at 2nd, 6-4 (Groundball, 6, EV 79.4 MPH)
Top of the 8th over - 0 runs, 1 hit, 0 errors, 2 left on base; Salt Lake City 5 - Hawaii 5
BOTTOM OF THE 8TH
Hawaii Islanders batting - Pitching for Salt Lake City Bees : RHP Ed Nunez
Batting: LHB Paul Tomini 0-0: Called Strike
0-1: Ball
1-1: Swinging Strike
1-2: Ball
2-2: Ball
3-2: Foul Ball, location: 2F
3-2: SINGLE (Line Drive, 56, EV 96.9 MPH)
Batting: LHB Creighton Tevlin 0-0: Bunt missed!
0-1: Bunt missed!
0-2: Ball
1-2: Ball
2-2: Ball
3-2: Foul Ball, location: 2F
3-2: Foul Ball, location: 2F
3-2: Base on Balls
Paul Tomini to second
Batting: LHB Jerry Willard 0-0: Fly out, F8 (Flyball, 78D, EV 95.6 MPH)
Batting: RHB Peter Peltz 0-0: Called Strike
0-1: Ball
1-1: Foul Ball, location: 2F
1-2: Strikes out looking
Batting: RHB Joe Strain 0-0: Ground out 4-3 (Groundball, 4, EV 103.8 MPH)
Bottom of the 8th over - 0 runs, 1 hit, 0 errors, 2 left on base; Salt Lake City 5 - Hawaii 5
TOP OF THE 9TH
Salt Lake City Bees batting - Pitching for Hawaii Islanders : RHP John Butcher
Pitching: LHP Richard Broas
Batting: RHB Jamie Nelson 0-0: Foul Ball, location: 2F
0-1: Ball
1-1: Ball
2-1: Foul Ball, location: 2F
2-2: Fly out, F5 (Line Drive, 5, EV 73.8 MPH)
Batting: RHB Darnell Coles 0-0: DOUBLE (Flyball, 89XD, EV 98.1 MPH)
Pinch Hitting: RHB Robert Potts 0-0: Intentional Walk
Batting: RHB Darrell Miller 0-0: Ball
1-0: Foul Ball, location: 2F
1-1: Swinging Strike
1-2: Fly out, F3 (Popup, 3SF, EV 65.6 MPH)
Batting: RHB Reid Nichols 0-0: Ball
1-0: Foul Ball, location: 2F
1-1: Foul Ball, location: 2F
1-2: Ball
2-2: Fly out, F8 (Line Drive, 8RM, EV 85.0 MPH)
Top of the 9th over - 0 runs, 1 hit, 0 errors, 2 left on base; Salt Lake City 5 - Hawaii 5
BOTTOM OF THE 9TH
Hawaii Islanders batting - Pitching for Salt Lake City Bees : RHP Ed Nunez
Now at 1B: Robert Potts
Pinch Hitting: LHB Dom Fucci 0-0: Called Strike
0-1: Called Strike
0-2: Ball
1-2: Ball
2-2: Foul Ball, location: 2F
2-2: Ball
3-2: Ground out 4-3 (Groundball, 34, EV 85.6 MPH)
Batting: SHB Jon Hernandez 0-0: DOUBLE (Line Drive, 8LD, EV 106.3 MPH)
Batting: SHB Charles Valley 0-0: Intentional Walk
Pinch Hitting: LHB Geno Petralli 0-0: Ball
1-0: Ball
2-0: Ball
3-0: Called Strike
3-1: Swinging Strike
3-2: Foul Ball, location: 2F
3-2: Base on Balls
Jon Hernandez to third
Charles Valley to second
Batting: LHB Paul Tomini 0-0: Grounds into fielders choice 5-2 (Groundball, 56S, EV 80.6 MPH)
Charles Valley to third
Geno Petralli to second
Batting: LHB Creighton Tevlin 0-0: Ball
1-0: Swinging Strike
1-1: Fly out, F9 (Flyball, 89S, EV 90.6 MPH)
Bottom of the 9th over - 0 runs, 1 hit, 0 errors, 3 left on base; Salt Lake City 5 - Hawaii 5
TOP OF THE 10TH
Salt Lake City Bees batting - Pitching for Hawaii Islanders : LHP Richard Broas
Now at 3B: Carlos Lezcano
Now in CF: Dom Fucci
Batting: LHB Mike Cole 0-0: Called Strike
0-1: Ball
1-1: Ball
2-1: Foul Ball, location: 2F
2-2: Foul Ball, location: 2F
2-2: Foul Ball, location: 2F
2-2: Ball
3-2: Foul Ball, location: 2F
3-2: Foul Ball, location: 2F
3-2: Foul Ball, location: 2F
3-2: Foul Ball, location: 2F
3-2: SINGLE (Groundball, 6S, EV 63.8 MPH) (infield hit)
Batting: LHB Eric Attaway 0-0: Bunt missed!
0-1: Ball
1-1: Bunt missed!
1-2: Foul Ball, location: 2F
1-2: Foul Ball, location: 2F
1-2: Foul Ball, location: 2F
1-2: Ball
2-2: SINGLE (Flyball, 3D, EV 96.3 MPH)
Mike Cole to second
Mike Cole to third
Pitching: LHP Bill Latham
Batting: RHB Dick C Schofield 0-0: Ball
1-0: Foul Ball, location: 2F
1-1: Ball
2-1: Ball
3-1: Foul Ball, location: 2F
3-2: Strikes out swinging
Batting: RHB William Cole 0-0: Called Strike
0-1: Ball
1-1: Foul Ball, location: 2F
1-2: Fly out, F8 (Line Drive, 8LM, EV 105.6 MPH)
Runner from 3rd tags up, SCORES, throw by CF
Batting: RHB Jamie Nelson 0-0: Called Strike
0-1: Ball
1-1: Ball
2-1: Ground out U3 (Groundball, 3S, EV 69.4 MPH)
Top of the 10th over - 1 run, 2 hits, 0 errors, 1 left on base; Salt Lake City 6 - Hawaii 5
BOTTOM OF THE 10TH
Hawaii Islanders batting - Pitching for Salt Lake City Bees : RHP Ed Nunez
Batting: LHB Jerry Willard 0-0: Ball
1-0: Ball
2-0: Called Strike
2-1: Called Strike
2-2: Ball
3-2: Base on Balls
Pinch Hitting: LHB Leo Sutherland 0-0: SINGLE (Groundball, 34, EV 77.5 MPH) (infield hit)
Jerry Willard to second
Batting: RHB Joe Strain 0-0: Called Strike
0-1: Ball
1-1: Fly out, F9 (Flyball, 9D, EV 98.1 MPH)
Runner from 2nd tags up, SAFE at 3rd, no throw by RF
Batting: LHB Dom Fucci 0-0: Ball
1-0: Called Strike
1-1: Ball
2-1: Foul Ball, location: 2F
2-2: Strikes out swinging
Batting: SHB Jon Hernandez 0-0: Ball
1-0: Ball
2-0: Foul Ball, location: 2F
2-1: Foul Ball, location: 2F
2-2: Ball
Pickoff Throw by Catcher to First - Out!
Bottom of the 10th over - 0 runs, 1 hit, 0 errors, 1 left on base; Salt Lake City 6 - Hawaii 5
Monday, August 3rd, 2020 - OOTP Baseball 21.5 Build 76